 Dungeon Crawl Stone Soup version 0.23-a0-307-gc3b755d (webtiles) character file.

1807120 Petrovich the Ninja (level 27, 222/222 HPs)
             Began as a Vampire Enchanter on Oct 9, 2018.
             Was the Champion of Okawaru.
             Escaped with the Orb
             ... and 3 runes on Oct 10, 2018!
             The game lasted 07:56:04 (62654 turns).

Petrovich the Ninja (Vampire Enchanter)            Turns: 62654, Time: 07:56:06

Health: 222/222    AC: 16    Str:  7    XL:     27
Magic:  47/47      EV: 35    Int: 28    God:    Okawaru [******]
Gold:   4440       SH:  9    Dex: 25    Spells: 5/58 levels left

rFire    + + +     SeeInvis +   U - +9 quick blade (vamp)
rCold    + + .     Gourm    .   P - +3 buckler {AC+3}
rNeg     + + .     Faith    .   x - +1 robe of the Dragon {rPois rF+ rC+ rN+}
rPois    +         Spirit   .   J - +2 hat {Int+3}
rElec    +         Reflect  .   v - scarf {repulsion}
rCorr    +         Harm     .   K - +2 pair of gloves {Dex+3}
MR       ++++.                  L - +0 pair of boots of the Ninety-Nine Mice {rElec rCorr} (curse)
Stlth    ++++......             a - amulet "Istrul" {RegenMP rF++ Dex-3}
HPRegen  0.47/turn              E - ring "Qugis" {rPois MR+ MP+9 Dex+2}
MPRegen  0.55/turn              d - ring "Tyceelip" {rC+ MR+ Int+3 Stlth+}

@: repel missiles
A: fangs 3, horns 1, slimy green scales 2, see invisible, low mp 1, unbreathing
0: Orb of Zot
}: 3/15 runes: barnacled, silver, gossamer
a: Bat Form, Heroism, Finesse, Renounce Religion


You escaped.
You worshipped Okawaru.
Okawaru was exalted by your worship.
You were not thirsty.

You visited 10 branches of the dungeon, and saw 49 of its levels.
You visited the Abyss 1 time.
You visited 1 bazaar.
You also visited: Trove, Ice Cave and Volcano.

You collected 7711 gold pieces.
You spent 3271 gold pieces at shops.

Inventory:

Hand Weapons
 z - the +9 rapier of Gloom {pierce, rElec rPois rF+}
   (Okawaru gifted it to you on level 15 of the Dungeon)

   It inflicts extra damage upon your enemies.
   It protects you from fire.
   It insulates you from electricity.
   It protects you from poison.
 U - a +9 vampiric quick blade (weapon)
Missiles
 k - 13 throwing nets (quivered)
 H - 7 needles of sleeping
Armour
 s - the +2 pair of boots of the Sailor {rF+}
   (You bought it in a shop in a bazaar)

   It protects you from fire.
 v - a scarf of repulsion (worn)
 x - the +1 robe of the Dragon (worn) {rPois rF+ rC+ rN+}
   (Okawaru gifted it to you on level 13 of the Dungeon)

   It protects you from fire.
   It protects you from cold.
   It protects you from poison.
   It protects you from negative energy.
 J - a +2 hat of intelligence (worn)
 K - a +2 pair of gloves of dexterity (worn)
 L - the cursed +0 pair of boots of the Ninety-Nine Mice (worn) {rElec rCorr}
   (You found it on level 3 of the Depths)

   It insulates you from electricity.
   It provides partial protection from all sources of acid and corrosion.
   It has a curse placed upon it.
 P - a +3 buckler of protection (worn)
Magical Staves
 e - an uncursed staff of energy {!a}
Jewellery
 a - the amulet "Istrul" (around neck) {RegenMP rF++ Dex-3}
   (You took it off a deep elf high priest on level 4 of the Depths)

   [amulet of magic regeneration]

   It increases your magic regeneration.
   It affects your dexterity (-3).
   It greatly protects you from fire.
 d - the ring "Tyceelip" (right hand) {rC+ MR+ Int+3 Stlth+}
   (You found it in a treasure trove)

   [ring of stealth]

   It affects your intelligence (+3).
   It protects you from cold.
   It affects your resistance to hostile enchantments.
   It makes you more stealthy.
 o - the ring of Vetijogh {Ice Str+5 Int+4 Dex+2}
   (You found it in a treasure trove)

   [ring of ice]

   It enhances your ice magic.
   It affects your strength (+5).
   It affects your intelligence (+4).
   It affects your dexterity (+2).
   It makes you vulnerable to fire.
   It protects you from cold.
 w - the amulet "Peamal" {Reflect +Inv rElec SH+3}
   (You took it off a deep elf mage on level 3 of the Elven Halls)

   [amulet of reflection]

   It shields you and reflects attacks.
   It insulates you from electricity.
   It lets you turn invisible.
   It affects your SH (+3).
 y - the ring "Modeut" {+Inv MR+ Int+5 Stlth+}
   (You took it off a deep elf death mage on level 3 of the Elven Halls)

   [ring of stealth]

   It affects your intelligence (+5).
   It affects your resistance to hostile enchantments.
   It lets you turn invisible.
   It makes you more stealthy.
 E - the ring "Qugis" (left hand) {rPois MR+ MP+9 Dex+2}
   (You took it off a deep elf death mage on level 3 of the Elven Halls)

   [ring of magical power]

   It affects your dexterity (+2).
   It protects you from poison.
   It affects your resistance to hostile enchantments.
   It affects your magic capacity (+9).
Wands
 f - a wand of clouds (28)
 h - a wand of digging (46)
 t - a wand of scattershot (7)
 N - a wand of iceblast (12)
 Z - a wand of acid (35)
Scrolls
 b - 5 scrolls of blinking
 g - 6 scrolls of amnesia
 i - a scroll of identify
 q - a scroll of summoning
 B - 10 scrolls of immolation {!r}
 G - a scroll of silence {!r}
 M - 5 scrolls of magic mapping
 O - 10 scrolls of fog
 R - 31 scrolls of remove curse
 T - 4 scrolls of teleportation
 V - 4 scrolls of enchant weapon
Potions
 c - 6 potions of blood
 j - 4 potions of mutation {!q}
 m - 6 potions of magic
 p - a potion of berserk rage {!q}
 u - 6 potions of flight
 A - a potion of haste
 C - 27 potions of curing
 D - 2 potions of agility
 F - 2 potions of heal wounds
 I - 11 potions of brilliance
 W - 7 potions of ambrosia
Miscellaneous
 l - a phial of floods
 n - a lamp of fire
 r - 4 sacks of spiders
 Q - a phantom mirror
 X - a lightning rod (4/4)
 Y - 3 boxes of beasts


   Skills:
 + Level 19.5 Fighting
 + Level 19.8 Short Blades
 - Level 7.0 Armour
 + Level 22.5 Dodging
 O Level 27 Stealth
 - Level 4.0 Shields
 + Level 16.1 Spellcasting
 - Level 18.0 Hexes
 - Level 5.0 Charms
 - Level 5.0 Summonings
 - Level 10.0 Necromancy
 - Level 5.0 Translocations
 - Level 13.3 Transmutations
 - Level 5.0 Air Magic
 - Level 13.0 Earth Magic
 - Level 2.0 Invocations


You had 5 spell levels left.
You knew the following spells:

 Your Spells              Type           Power        Failure   Level  Hunger
a - Apportation           Tloc           ######       1%          1    None
c - Confuse               Hex            #######.     0%          3    None
d - Tukima's Dance        Hex            #######.     0%          3    None
h - Regeneration          Chrm/Necr      ######....   1%          3    None
i - Invisibility          Hex            #######.     1%          6    ###....
p - Dispel Undead         Necr           ######..     1%          5    None
s - Summon Lightning Spi  Summ/Air       ######..     2%          4    None
u - Yara's Violent Unrav  Hex/Tmut       #######...   1%          5    None
w - Passwall              Tmut/Erth      #######.     0%          2    None
z - Borgnjor's Vile Clut  Necr/Erth      ######....   1%          5    None
Q - Silence               Hex/Air        ######....   1%          5    None
R - Statue Form           Tmut/Erth      #######..    1%          6    ###....
S - Song of Slaying       Chrm           ######..     1%          2    None
W - Spectral Weapon       Hex/Chrm       ######..     1%          3    None

Your spell library contained the following spells:

 Spells                   Type           Power        Failure   Level  Hunger
 Confusing Touch          Hex            ######       0%          1    None
 Corona                   Hex            #######      0%          1    None
 Slow                     Hex            #######.     0%          2    None
 Sticks to Snakes         Tmut           #######.     0%          2    None
 Cause Fear               Hex            #######...   0%          4    None
 Animate Skeleton         Necr           N/A          1%          1    None
 Infusion                 Chrm           ####         1%          1    None
 Pain                     Necr           ####         1%          1    None
 Summon Butterflies       Summ           ######..     1%          1    None
 Summon Small Mammal      Summ           ####         1%          1    None
 Call Imp                 Summ           ######..     1%          2    None
 Corpse Rot               Necr           N/A          1%          2    None
 Ensorcelled Hibernation  Hex/Ice        ######       1%          2    None
 Poisonous Vapours        Pois/Air       #####.       1%          2    None
 Shroud of Golubria       Chrm/Tloc      ######....   1%          2    None
 Sublimation of Blood     Necr           ######....   1%          2    None
 Swiftness                Chrm/Air       ######..     1%          2    None
 Call Canine Familiar     Summ           ######..     1%          3    None
 Dazzling Spray           Conj/Hex       ######       1%          3    None
 Gell's Gravitas          Tloc           ######....   1%          3    None
 Inner Flame              Hex/Fire       ######..     1%          3    None
 Lesser Beckoning         Tloc           ######....   1%          3    None
 Portal Projectile        Hex/Tloc       ######       1%          3    None
 Recall                   Summ/Tloc      N/A          1%          3    None
 Stone Arrow              Conj/Erth      ######       1%          3    None
 Summon Guardian Golem    Hex/Summ       ######..     1%          3    None
 Vampiric Draining        Necr           ######....   1%          3    None
 Animate Dead             Necr           N/A          1%          4    None
 Leda's Liquefaction      Hex/Erth       #######...   1%          4    None
 Petrify                  Tmut/Erth      #######.     1%          4    None
 Agony                    Necr           ######..     1%          5    None
 Lee's Rapid Deconstruct  Erth           #######...   1%          5    None
 Metabolic Englaciation   Hex/Ice        ######....   1%          5    None
 Flame Tongue             Conj/Fire      ###..        2%          1    None
 Freeze                   Ice            ###.         2%          1    None
 Magic Dart               Conj           ###.         2%          1    None
 Sting                    Conj/Pois      ###.         2%          1    None
 Ozocubu's Armour         Chrm/Ice       #####...     2%          3    None
 Static Discharge         Conj/Air       #####...     2%          3    None
 Excruciating Wounds      Chrm/Necr      ######....   2%          5    None
 Throw Flame              Conj/Fire      ###...       3%          2    None
 Throw Frost              Conj/Ice       ###...       3%          2    None
 Mephitic Cloud           Conj/Pois/Air  ####....     3%          3    None
 Alistair's Intoxication  Tmut/Pois      ######..     3%          5    None
 Conjure Flame            Conj/Fire      ###.....     6%          3    None
 Summon Ice Beast         Ice/Summ       #####...     8%          4    None
 Bolt of Draining         Conj/Necr      ######....   8%          5    None
 Summon Forest            Summ/Tloc      ######....   8%          5    None
 Bolt of Magma            Conj/Fire/Erth #####.....   10%         5    None
 Olgreb's Toxic Radiance  Pois           ###.....     22%         4    None
 Sticky Flame             Conj/Fire      ###.....     22%         4    None
 Throw Icicle             Conj/Ice       ###.....     22%         4    None
 Fireball                 Conj/Fire      ###.......   52%         5    None
 Venom Bolt               Conj/Pois      ###.......   52%         5    None
 Darkness                 Hex            #######...   1%          6    ###....
 Hydra Form               Tmut           #######...   1%          6    ###....
 Death Channel            Necr           ######....   5%          6    ###....
 Discord                  Hex            #######...   9%          8    ######.
 Iron Shot                Conj/Erth      ######....   22%         6    ###....
 Deflect Missiles         Chrm/Air       ######....   38%         6    ###....
 Simulacrum               Ice/Necr       ######....   38%         6    ###....
 Conjure Ball Lightning   Conj/Air       #####.....   75%         6    ###....
 Summon Hydra             Summ           ######....   93%         7    #####..
 Bolt of Cold             Conj/Ice       ###.......   97%         6    ###....
 Shatter                  Erth           #######...   100%        9    #######
 Tornado                  Air            ######....   100%        9    #######
 Passage of Golubria      Tloc           Unusable     N/A         4    N/A

Dungeon Overview and Level Annotations

Branches:
Dungeon (15/15)            Temple (1/1) D:4            Lair (5/6) D:9
 Shoals (4/4) Lair:2       Spider (4/4) Lair:3        Slime (0/5) Lair:5
    Orc (2/2) D:10            Elf (3/3) Orc:2        Vaults (5/5) D:14
  Crypt (0/3) Vaults:3     Depths (5/5) D:15            Zot (5/5) Depths:5

Altars:
Ashenzari
Cheibriados
Dithmenos
Elyvilon
Fedhas
Gozag
Hepliaklqana
Kikubaaqudgha
Makhleb
Nemelex Xobeh
Okawaru
Qazlal
Ru
Sif Muna
Trog
Uskayaw
Vehumet
Wu Jian
Xom
Yredelemnul
Zin
The Shining One
Beogh
Jiyva

Shops:
D:10 *   D:11 :   D:15 (   Orc:2 :[*!(   Shoals:4 !*   Vaults:5 [

Portals:
Hell: Depths:1 Depths:2 Depths:3 Depths:4 Depths:5
Abyss: Depths:1 Depths:3 Depths:4
Pandemonium: Depths:1 Depths:3 Depths:5
Ziggurat: Depths:3

Annotations:
D:9 Erica
D:13 Frances, Rupert
D:14 Grum
Lair:5 acid blobs
Vaults:1 Roced's ghost, adept CeHu
Vaults:2 Sojobo
Depths:1 1 runed door
Depths:2 juggernaut


Innate Abilities, Weirdness & Mutations

You have razor-sharp teeth.
You have supernaturally acute eyesight. (SInv)
You can survive without breathing.
You have a pair of small horns on your head.
You are mostly covered in slimy green scales. (AC +3)
Your magical capacity is low. (-10% MP)


Message History

Casting: Passwall (safe; 0% risk of failure)
Confirm with . or Enter, or press ? or * to list all spells.
Aiming: Passwall (safe; 0% risk of failure)
Press: ? - help, Dir - move target cursor A rock wall.
This square is covered in magical glow.
You begin to meditate on the wall.
You continue meditating on the rock. x2
You finish merging with the rock.
Magic restored.
You see here a dagger.
There is a stone staircase leading up here.
You climb upwards.
There is a stone staircase leading down here.
You see here a stone.
You open the large door.
There is a large open door here.
There is a large open door here.
There is a fountain of clear blue water here.
There is a staircase leading out of the dungeon here.
You have escaped!

.....##.# #.# #.. ##......#
#.# #.. ##.#.#..# #.# ##.
........################ #.#
#. ##.#.#.###...##...##...#
#.# ## #.....#
#.#.........#.# #.# #
####.### #.##..#'#..##.# #.#
# .....# ###..####⌠####..#
#.# # ######
#..8..++⌠@⌠''..8####.# #
####....####⌠####..>(...# #
#......##..#+#..##.####.# #
### #.####.#.........#.# #.#
# ..###.# #...#.....#...# #.#
# ....%.# ##.##..##.#####
#.##### #.###.# #.###....#
#.#..). #.#
#.#####.######.########.#.###
#.# #.......#[##
#..........#.# #


There were no monsters in sight!

Vanquished Creatures
  6 orbs of fire
  3 juggernauts
  5 ancient liches
  Margery (Vaults:2)
  7 caustic shrikes
  4 Killer Klowns
  14 golden dragons
  Nikola (Elf:1)
  The ghost of Vanaq the Hoplite, a master VSFi of Hepliaklqana (Zot:3)
  2 electric golems
  27 tentacled monstrosities
  3 liches
  24 Orb Guardians
  3 deep elf blademasters
  10 titans (Vaults:5)
  4 quicksilver dragons
  2 deep elf master archers (Elf:3)
  6 sphinxes
  14 death cobs
  Kirke (D:12)
  6 tengu reavers
  8 shadow dragons
  Agnes (Spider:1)
  Ilsuiw (Shoals:4)
  5 draconian monks
  8 fire giants
  21 storm dragons
  5 vault wardens
  10 deep elf sorcerers
  9 draconian scorchers
  5 frost giants
  An orc warlord (Orc:2)
  8 ghost moths
  5 draconian knights
  6 draconian shifters
  4 emperor scorpions
  A juggernaut zombie (Depths:4)
  4 deep elf elementalists (Elf:3)
  3 draconian stormcallers
  9 spriggan defenders
  A ghoul (Vaults:3)
  6 draconian annihilators
  12 ironheart preservers
  3 war gargoyles
  4 entropy weavers
  14 very ugly things
  18 stone giants
  An entropy weaver (shapeshifter) (D:15)
  Nessos (D:12)
  5 vampire knights
  17 green draconians
  12 deep elf annihilators
  10 black draconians
  9 deep elf demonologists
  A lorocyproca (Depths:1)
  13 white draconians
  9 red draconians
  A spectral titan (Vaults:1)
  15 purple draconians
  12 yellow draconians
  6 spark wasps
  9 deep elf death magi
  6 ettins
  3 jiangshi
  4 merfolk javelineers (Shoals:4)
  A crystal guardian (Vaults:3)
  6 deep elf high priests
  7 ogre magi
  14 yaktaur captains
  Fannar (Lair:1)
  16 fire dragons
  Harold (D:9)
  24 vault guards
  8 great orbs of eyes
  A hydra (Lair:3)
  A spectral tengu (Vaults:1)
  A spectral shadow dragon (Vaults:1)
  9 ice dragons
  16 two-headed ogres
  4 satyrs
  7 spriggan air magi
  6 rakshasas
  2 merfolk avatars (Shoals:3)
  13 centaur warriors
  4 death knights
  A merfolk aquamancer (Shoals:4)
  A spectral fire giant (Vaults:1)
  An anaconda (Lair:5)
  11 deep troll shamans
  34 dancing weapons
  A two-headed ogre (shapeshifter) (Vaults:1)
  13 deep troll earth magi
  3 orc high priests
  5 tengu warriors
  A queen ant (Spider:1)
  Urug (D:11)
  15 spriggan berserkers
  3 vampire magi
  29 deep elf knights
  Sonja (Lair:4)
  13 hell knights
  11 spriggans
  2 sixfirhies (Depths:1)
  4 iron trolls
  A salamander mystic (Depths:2)
  A shadow wraith (Vaults:4)
  2 unseen horrors (Depths:3)
  4 flayed ghosts
  3 skeletal warriors
  A spectral human (Vaults:1)
  32 deep trolls
  A quicksilver dragon simulacrum (Vaults:1)
  12 sea snakes
  A torturous demonspawn (Depths:1)
  4 large abominations (Depths:2)
  4 glowing orange brains
  A harpy (shapeshifter) (Depths:4)
  6 wizards
  A shadow dragon zombie (Vaults:4)
  5 necromancers
  7 phantasmal warriors
  14 harpies
  23 deep elf archers
  18 ironbrand convokers
  24 orb spiders
  12 orc knights
  A tengu skeleton (Vaults:4)
  9 orc sorcerers
  A stone giant zombie (Vaults:5)
  81 deep elf magi
  A faun (shapeshifter) (Depths:2)
  2 fire giant zombies
  10 manticores
  47 ugly things
  31 wolf spiders
  16 cyclopes
  A cyclops (shapeshifter) (Elf:3)
  2 orb spiders (shapeshifter)
  25 fauns
  A human zombie (Vaults:5)
  31 moths of wrath
  A salamander (shapeshifter) (Depths:4)
  3 elephants
  3 salamanders
  9 merfolk sirens
  5 centaur zombies
  An elephant (shapeshifter) (Depths:4)
  9 vault sentinels
  A titan simulacrum (Vaults:1)
  An eye of devastation (shapeshifter) (Depths:2)
  2 ice statues (IceCv)
  A guardian serpent (shapeshifter) (Depths:4)
  5 spiny frogs
  A human skeleton (Vaults:5)
  A rust devil (Depths:3)
  3 torpor snails
  A spiny frog (shapeshifter) (Depths:5)
  5 water nymphs
  12 black mambas
  A torpor snail (shapeshifter) (Depths:4)
  A kobold demonologist (D:14)
  2 rime drakes (shapeshifter)
  2 rime drakes
  3 centaur skeletons
  14 demonic crawlers
  2 hellions (Zot:4)
  2 komodo dragons (shapeshifter)
  6 komodo dragons
  A yaktaur (shapeshifter) (Vaults:5)
  5 freezing wraiths
  A spectral deep troll (Vaults:1)
  3 efreet (Zot:4)
  14 ice devils
  A spectral glowing shapeshifter (Vaults:1)
  29 yaktaurs
  9 trolls
  A jumping spider (shapeshifter) (Vaults:3)
  2 trolls (shapeshifter) (Depths:3)
  A tengu conjurer (Depths:1)
  16 merfolk
  A polar bear (shapeshifter) (Vaults:1)
  3 meliai (D:13)
  35 jumping spiders
  A polar bear (Lair:2)
  22 hornets
  42 slime creatures
  A meliai (shapeshifter) (Vaults:3)
  Prince Ribbit (D:5)
  2 wind drakes
  A frost giant simulacrum (Vaults:1)
  A raiju (shapeshifter) (Vaults:3)
  8 snapping turtles
  3 blink frogs (Lair:2)
  An ettin zombie (Vaults:5)
  A fire giant simulacrum (Vaults:5)
  11 hippogriffs
  24 tarantellas
  A spriggan (shapeshifter) (Elf:3)
  3 redbacks (shapeshifter)
  2 ynoxinuls
  3 air elementals
  14 water elementals
  9 wraiths
  2 yaks (shapeshifter)
  62 redbacks
  21 yaks
  2 fire bats (Depths:2)
  4 fire elementals
  A wyvern (D:14)
  A hog (shapeshifter) (D:15)
  3 basilisks
  A hungry ghost (D:12)
  5 chaos spawn
  A yaktaur simulacrum (Vaults:5)
  A golden eye (shapeshifter) (Depths:4)
  6 vampire mosquitoes
  Menkaure (D:7)
  2 wargs
  2 soldier ants (shapeshifter)
  An acid dragon (D:14)
  17 water moccasins
  25 soldier ants (Spider:1)
  7 porcupines
  A swamp drake (D:10)
  A floating eye (shapeshifter) (Vaults:5)
  40 orc warriors
  3 ice beasts
  An ice beast (shapeshifter) (D:15)
  3 black bears
  2 eyes of draining (shapeshifter)
  3 eyes of draining
  4 phantoms
  11 boggarts
  6 sky beasts
  21 ogres
  A tengu (shapeshifter) (D:15)
  6 wolves
  25 centaurs
  8 crocodiles
  3 big kobolds
  Blork the orc (D:5)
  17 bullfrogs
  4 earth elementals
  2 wyvern zombies
  3 small abominations (Depths:2)
  4 scorpions
  2 human simulacra (Vaults:1)
  An orc simulacrum (Vaults:2)
  An elf simulacrum (Vaults:1)
  A vampire bat (Lair:4)
  2 electric eels (Lair:5)
  9 crimson imps
  4 howler monkeys
  A bullfrog zombie (D:5)
  2 quasits (Depths:1)
  9 hounds
  3 jellies
  7 orc priests
  22 orc wizards
  A bullfrog skeleton (D:4)
  An iron imp (Depths:1)
  Jessica (D:3)
  Ijyb (D:3)
  Terence (D:3)
  23 worker ants
  3 hound skeletons
  A howler monkey zombie (D:9)
  9 gnolls
  21 adders
  7 shadow imps
  7 white imps (IceCv)
  9 ufetubi
  An ooze (D:1)
  3 worms (D:4)
  5 adder skeletons
  An adder zombie (D:6)
  6 dart slugs
  6 leopard geckos
  83 orcs
  16 bats
  6 giant cockroaches
  4 hobgoblins
  11 jackals
  25 kobolds
  3 quokkas
  2 ball pythons
  4 frilled lizards
  A giant cockroach zombie (D:6)
  19 goblins
  2 leopard gecko skeletons
  A quokka zombie (D:6)
  6 rats
  A plant (Shoals:2)
2238 creatures vanquished.

Vanquished Creatures (collateral kills)
  A tengu reaver (Vaults:5)
  A fire giant (Depths:3)
  3 frost giants
  A black draconian (Zot:2)
  A yellow draconian (Depths:5)
  A merfolk impaler (Shoals:4)
  2 ettins
  3 vault guards
  A merfolk aquamancer (Shoals:3)
  A death knight (Vaults:4)
  A dancing weapon (Elf:2)
  A shadow wraith (Vaults:3)
  An ironbrand convoker (Vaults:5)
  An orc knight (Orc:2)
  A vault sentinel (Vaults:5)
  4 merfolk
  A warg (Orc:2)
  An orc warrior (D:12)
  A crimson imp (D:7)
  A bullfrog zombie (D:7)
  An ufetubus (Abyss:3)
  2 orcs (D:9)
31 creatures vanquished.

Vanquished Creatures (others)
  the Enchantress (Depths:4)
  A merfolk javelineer (Shoals:4)
  A merfolk impaler (Shoals:4)
  A rakshasa (Depths:4)
  A merfolk aquamancer (Shoals:4)
  A satyr (Shoals:4)
  A glowing orange brain (Depths:4)
  An unseen horror (Depths:3)
  A deep elf mage (Elf:1)
  A faun (Shoals:4)
  A moth of wrath (Zot:2)
  A merfolk siren (Shoals:4)
  A yaktaur (Vaults:4)
  A hornet (Spider:4)
  13 dancing weapons
  4 humans (D:12)
  An orc warrior (Vaults:5)
  2 centaurs
  A small abomination (Abyss:2)
  2 white imps
  2 ufetubi (IceCv)
  An orc (Vaults:4)
  9 fungi
  42 plants
  A spectral weapon (Zot:3)
92 creatures vanquished.

Grand Total: 2361 creatures vanquished

Notes
Turn   | Place    | Note
-------+----------+-------------------------------------------
     0 | D:1      | Petrovich the Vampire Enchanter began the quest for the
                  | Orb.
     0 | D:1      | Reached XP level 1. HP: 13/13 MP: 3/3
   102 | D:1      | Reached XP level 2. HP: 19/19 MP: 5/5
   195 | D:1      | Learned a level 2 spell: Ensorcelled Hibernation
   200 | D:1      | Reached skill level 5 in Stealth
   267 | D:1      | Reached skill level 5 in Hexes
   676 | D:2      | Reached XP level 3. HP: 19/24 MP: 4/6
  1081 | D:3      | Noticed a centaur
  1093 | D:3      | Noticed Terence
  1166 | D:4      | Reached skill level 6 in Stealth
  1166 | D:4      | Reached XP level 4. HP: 18/30 MP: 7/7
  1311 | D:3      | Noticed Jessica
  1513 | D:2      | Reached XP level 5. HP: 33/35 MP: 6/9
  1954 | D:3      | Killed a centaur
  1954 | D:3      | Reached skill level 7 in Stealth
  2053 | D:3      | Found a basalt altar of Yredelemnul.
  2053 | D:3      | Found a blossoming altar of Fedhas.
  2053 | D:3      | Found a stormy altar of Qazlal.
  2159 | D:3      | Reached XP level 6. HP: 14/41 MP: 7/10
  2276 | D:3      | Learned a level 3 spell: Confuse
  2280 | D:3      | Learned a level 3 spell: Tukima's Dance
  2351 | D:3      | Killed Jessica
  2396 | D:3      | Killed Terence
  2594 | D:3      | Found an opulent altar of Gozag.
  2595 | D:3      | Found a white marble altar of Elyvilon.
  2598 | D:3      | Found a hazy altar of Hepliaklqana.
  2756 | D:3      | Noticed Ijyb
  2796 | D:3      | Reached skill level 8 in Stealth
  2938 | D:3      | Killed Ijyb
  3037 | D:4      | Found an opulent altar of Gozag.
  3142 | D:4      | Found a staircase to the Ecumenical Temple.
  3155 | Temple   | Entered the Ecumenical Temple
  3352 | Temple   | Became a worshipper of Warmaster Okawaru
  3414 | D:4      | Reached XP level 7. HP: 46/46 MP: 12/12
  3551 | D:4      | Reached skill level 9 in Stealth
  3599 | D:4      | Found a radiant altar of Vehumet.
  3689 | D:4      | Found a shadowy altar of Dithmenos.
  3692 | D:4      | Found a deep blue altar of Sif Muna.
  3695 | D:4      | Found a hide-covered altar of Uskayaw.
  3941 | D:5      | Entered Level 5 of the Dungeon
  4051 | D:5      | Got a warped robe
  4203 | D:5      | Reached skill level 10 in Stealth
  4267 | D:5      | Reached * piety under Okawaru
  4290 | D:5      | Reached XP level 8. HP: 53/53 MP: 9/14
  4515 | D:5      | Reached skill level 1 in Fighting
  4536 | D:5      | Found a sparkling altar of Nemelex Xobeh.
  5076 | D:6      | Noticed Prince Ribbit
  5082 | D:5      | Reached skill level 10 in Hexes
  5084 | D:5      | Killed Prince Ribbit
  5084 | D:5      | Reached skill level 11 in Stealth
  5175 | D:6      | Noticed Blork the orc
  5187 | D:5      | Killed Blork the orc
  5268 | D:6      | Reached ** piety under Okawaru
  5303 | D:5      | Identified the +0 robe of Exclusion {*Contam rElec rF+
                  | Regen+ Dex+6} (You found it on level 5 of the Dungeon)
  5521 | D:6      | Reached XP level 9. HP: 62/62 MP: 12/15
  5839 | D:6      | Reached skill level 12 in Stealth
  6452 | D:7      | Noticed Menkaure
  6513 | D:7      | You are confused.
  6634 | D:7      | Killed Menkaure
  6672 | D:7      | Reached *** piety under Okawaru
  7296 | D:8      | Reached skill level 1 in Invocations
  7351 | D:8      | Found a radiant altar of Vehumet.
  7515 | D:8      | Reached skill level 13 in Stealth
  7567 | D:8      | Found an ornate altar of the Wu Jian Council.
  7577 | D:8      | Reached skill level 5 in Dodging
  8074 | D:9      | Noticed a two-headed ogre
  8080 | D:9      | Noticed Erica
  8345 | D:9      | Reached **** piety under Okawaru
  8347 | D:9      | Reached XP level 10. HP: 71/71 MP: 11/16
  8578 | D:9      | Reached skill level 14 in Stealth
  8724 | D:9      | Killed a two-headed ogre
  8775 | D:9      | Found a staircase to the Lair.
  8842 | D:9      | Noticed a two-headed ogre
  8849 | D:9      | Killed a two-headed ogre
  8849 | D:9      | Reached ***** piety under Okawaru
  8849 | D:9      | Reached skill level 5 in Short Blades
  8866 | D:9      | Reached skill level 5 in Fighting
  8870 | D:9      | Reached skill level 15 in Stealth
  8943 | D:9      | Noticed Harold
  8990 | D:9      | Killed Harold
  9010 | D:9      | Learned a level 3 spell: Dazzling Spray
  9088 | D:10     | Entered Level 10 of the Dungeon
  9140 | D:10     | Reached XP level 11. HP: 80/80 MP: 12/17
  9682 | D:10     | Found Ovism's Assorted Antiques.
 10031 | D:10     | Found a staircase to the Orcish Mines.
 10249 | D:11     | Noticed a purple ugly thing
 10255 | D:11     | Killed a purple ugly thing
 10264 | D:11     | Noticed a two-headed ogre
 10282 | D:11     | Noticed Urug
 10331 | D:11     | Noticed a brown ugly thing
 10498 | D:10     | Reached ****** piety under Okawaru
 10498 | D:10     | Received a gift from Okawaru
 10498 | D:10     | Reached skill level 16 in Stealth
 10628 | D:11     | Killed Urug
 10665 | D:11     | Found Icucven's Book Emporium.
 10829 | D:11     | Got a fine ring mail
 10902 | D:11     | Noticed Grum
 11038 | D:11     | Killed a two-headed ogre
 11109 | D:11     | Noticed a brown ugly thing
 11144 | D:11     | Killed a brown ugly thing
 11150 | D:11     | Killed a brown ugly thing
 11572 | D:12     | Noticed Kirke
 11574 | D:12     | Killed Kirke
 11574 | D:12     | Reached skill level 17 in Stealth
 11856 | D:12     | Noticed a brown ugly thing
 11863 | D:12     | Killed a brown ugly thing
 11866 | D:12     | Received a gift from Okawaru
 11866 | D:12     | Reached XP level 12. HP: 89/89 MP: 12/18
 12425 | D:12     | Noticed Nessos
 12526 | Lair:1   | Entered Level 1 of the Lair of Beasts
 12715 | Lair:1   | Noticed Fannar
 12743 | Lair:1   | Killed Fannar
 13129 | Lair:2   | Reached skill level 18 in Stealth
 13166 | Lair:2   | Received a gift from Okawaru
 13167 | Lair:2   | Got a pair of faintly humming boots {god gift}
 13182 | Lair:2   | Identified the +0 pair of boots "Rodgh" {rC+ Dex+2}
                  | (Okawaru gifted it to you on level 2 of the Lair of Beasts)
 13813 | Lair:3   | Found a hole to the Spider Nest.
 13935 | Lair:3   | Noticed a seven-headed hydra
 13942 | Lair:3   | Killed a seven-headed hydra
 14626 | Lair:4   | Found a dark tunnel.
 14632 | Volcano  | Entered a volcano
 14768 | Lair:4   | Noticed Sonja
 14831 | Lair:4   | Cast into level 1 of the Abyss (Sonja)
 14905 | Abyss:1  | Got a transparent leather armour
 14920 | Abyss:1  | Noticed a bone dragon
 14971 | Abyss:1  | Noticed a tentacled starspawn
 14984 | Abyss:2  | Found a corrupted altar of Lugonu.
 15018 | Abyss:2  | Found a corrupted altar of Lugonu.
 15071 | Abyss:2  | Got an ichor-stained scale mail
 15083 | Abyss:2  | Noticed a blizzard demon
 15267 | Abyss:2  | Noticed a starcursed mass
 15365 | Abyss:2  | Noticed a tentacled starspawn
 15422 | Abyss:2  | Noticed a yellow draconian stormcaller
 15546 | Abyss:2  | Noticed a profane servitor
 15546 | Abyss:2  | Noticed an Executioner
 15678 | Abyss:2  | Found a corrupted altar of Lugonu.
 15744 | Abyss:2  | Noticed a cyan very ugly thing
 15761 | Abyss:2  | Noticed a starcursed mass
 15766 | Abyss:2  | Noticed a naga warrior
 15781 | Abyss:2  | Noticed a tentacled starspawn
 15903 | Abyss:2  | Noticed a purple draconian shifter
 15964 | Abyss:2  | Noticed a profane servitor
 15996 | Abyss:2  | Noticed a tentacled starspawn
 16036 | Abyss:2  | You are confused.
 16037 | Abyss:2  | You are confused.
 16038 | Abyss:2  | Noticed a tentacled starspawn
 16183 | Abyss:2  | Noticed a green very ugly thing
 16312 | Abyss:3  | Noticed a starcursed mass
 16317 | Lair:4   | Escaped the Abyss
 16331 | Lair:4   | Killed Sonja
 16339 | Lair:4   | Identified the +4 leather armour "Hafov" {Dex+2} (You found
                  | it on level 1 of the Abyss)
 16733 | Lair:5   | Reached skill level 19 in Stealth
 16796 | Lair:5   | Noticed an anaconda
 16799 | Lair:5   | Killed an anaconda
 16799 | Lair:5   | Reached XP level 13. HP: 98/98 MP: 17/19
 16916 | Lair:5   | Reached skill level 10 in Short Blades
 17422 | Lair:4   | Received a gift from Okawaru
 17503 | Lair:5   | Found a runed door.
 17508 | Lair:5   | Found a viscous altar of Jiyva.
 17739 | Lair:5   | Reached skill level 10 in Dodging
 17743 | Lair:5   | Received a gift from Okawaru
 17752 | Lair:5   | Identified a scroll of acquirement
 17778 | Lair:5   | Identified the +5 ring mail "Huochohiupn" {Dex+3} (You took
                  | it off an orc on level 11 of the Dungeon)
 17788 | Lair:5   | Identified the +2 scale mail "Geital" {rN++} (You found it
                  | on level 2 of the Abyss)
 17833 | Lair:5   | Found a staircase to the Slime Pits.
 17834 | Lair:5   | Noticed an acid blob
 17834 | Lair:5   | Noticed an acid blob
 18057 | D:12     | Reached skill level 20 in Stealth
 18401 | D:13     | Got a distressingly furry leather armour
 18557 | D:13     | Identified the cursed +0 leather armour "Soquophish" {rElec
                  | MR- Int+3} (You found it on level 13 of the Dungeon)
 18605 | D:13     | Noticed Frances
 18851 | D:13     | Noticed Rupert
 18923 | D:13     | Reached skill level 1 in Armour
 18949 | D:13     | Received a gift from Okawaru
 18965 | D:13     | Got a dull robe {god gift}
 18979 | D:13     | Identified the +1 robe of the Dragon {rPois rF+ rC+ rN+}
                  | (Okawaru gifted it to you on level 13 of the Dungeon)
 19182 | D:14     | Found a gate to the Vaults.
 19419 | D:14     | Reached XP level 14. HP: 106/106 MP: 17/20
 19513 | D:14     | Reached skill level 21 in Stealth
 19929 | D:15     | Entered Level 15 of the Dungeon
 20272 | D:15     | Received a gift from Okawaru
 20277 | D:15     | Got an encrusted rapier {god gift}
 20284 | D:15     | Identified the +9 rapier of Gloom {pierce, rElec rPois rF+}
                  | (Okawaru gifted it to you on level 15 of the Dungeon)
 20295 | D:15     | Found Dayx's Antique Weapon Shop.
 20689 | D:15     | Noticed an entropy weaver
 20689 | D:15     | an ettin changed into an entropy weaver
 20693 | D:15     | Killed an entropy weaver
 20722 | D:15     | Found a staircase to the Depths.
 20993 | Orc:1    | Entered Level 1 of the Orcish Mines
 21065 | Orc:2    | Entered Level 2 of the Orcish Mines
 21114 | Orc:2    | Found Yguesule's Book Boutique.
 21114 | Orc:2    | Noticed an orc warlord
 21141 | Orc:2    | Found a staircase to the Elven Halls.
 21204 | Orc:2    | Found a shimmering altar of Xom.
 21282 | Orc:2    | Reached skill level 5 in Spellcasting
 21326 | Orc:2    | Petrovich: хз как играть этими недочеловеками
 21469 | Orc:2    | TheNamelessOne: тоже пока с ними не освоился
 21529 | Orc:2    | Found Hiaty's Antique Armour Shop.
 21580 | Orc:2    | Found Ceremn's General Store.
 21597 | Orc:2    | TheNamelessOne: до грейтплеера осталось осилить 2 самые
                  | нелюбимые и неудобные для меня расы
 21605 | Orc:2    | TheNamelessOne: !greatplayer
 21617 | Orc:2    | Petrovich: это какие?
 21623 | Orc:2    | Petrovich: бима нет
 21623 | Orc:2    | TheNamelessOne: а у тебя бота нет
 21636 | Orc:2    | TheNamelessOne: спригган и вампир
 21645 | Orc:2    | Petrovich: как раз между сприганом и вампиром выбирал
 21645 | Orc:2    | Petrovich: стаберы
 21645 | Orc:2    | Petrovich: вампир больше приглянулся
 21655 | Orc:2    | Found a roughly hewn altar of Beogh.
 21661 | Orc:2    | Found Ymel's Antique Weapon Boutique.
 21701 | Orc:2    | TheNamelessOne: не люблю стабберов
 21761 | Orc:2    | Bought a scroll of immolation for 56 gold pieces
 21761 | Orc:2    | Bought a scroll of identify for 32 gold pieces
 21761 | Orc:2    | Bought a scroll of immolation for 56 gold pieces
 21761 | Orc:2    | Bought a potion of flight for 48 gold pieces
 21761 | Orc:2    | Bought a potion of might for 64 gold pieces
 21761 | Orc:2    | Bought a scroll of fog for 32 gold pieces
 21761 | Orc:2    | Bought a scroll of identify for 32 gold pieces
 21761 | Orc:2    | TheNamelessOne: и прочую стелс-пихоту
 21761 | Orc:2    | Petrovich: да, с ними что-то не так в crawl
 21761 | Orc:2    | Petrovich: сложно играть
 21869 | Orc:2    | Received a gift from Okawaru
 22088 | Orc:2    | Killed an orc warlord
 22110 | Orc:2    | Found Oleffoqo's Distillery.
 22124 | Orc:2    | Bought a potion of flight for 33 gold pieces
 22124 | Orc:2    | Bought a potion of brilliance for 44 gold pieces
 22124 | Orc:2    | Bought a potion of might for 44 gold pieces
 22124 | Orc:2    | Bought a potion of resistance for 110 gold pieces
 22124 | Orc:2    | Bought a potion of magic for 88 gold pieces
 22124 | Orc:2    | Bought a potion of haste for 110 gold pieces
 22124 | Orc:2    | Bought a potion of brilliance for 44 gold pieces
 22124 | Orc:2    | Bought a potion of haste for 110 gold pieces
 22124 | Orc:2    | Bought a potion of haste for 110 gold pieces
 22124 | Orc:2    | Bought a potion of brilliance for 44 gold pieces
 22124 | Orc:2    | Bought a potion of magic for 88 gold pieces
 22124 | Orc:2    | Bought a potion of berserk rage for 55 gold pieces
 22138 | Orc:2    | TheNamelessOne: ущербная механика скрытности, будь у тебя
                  | хоть все + в стелсе, тебя всё-равно могут обнаружить ещё на
                  | подходе. а в супе вдобавок мобы очень любят собираться
                  | кучами
 22138 | Orc:2    | Petrovich: не все мобы невидимых видят
 22138 | Orc:2    | Petrovich: ключевой спелл для стабера получается
 22138 | Orc:2    | Petrovich: у меня его нет
 22474 | Orc:2    | Bought a book of Burglary for 975 gold pieces
 22481 | Orc:2    | Learned a level 6 spell: Invisibility
 22509 | Elf:1    | Entered Level 1 of the Elven Halls
 22514 | Elf:1    | Reached skill level 22 in Stealth
 22595 | Elf:1    | Reached skill level 15 in Hexes
 22612 | Elf:1    | Learned a level 2 spell: Passwall
 22656 | Elf:1    | Reached skill level 1 in Transmutations
 22662 | Elf:1    | Reached skill level 1 in Earth Magic
 22726 | Elf:1    | Reached XP level 15. HP: 115/115 MP: 22/22
 22764 | Elf:1    | Noticed Nikola
 22793 | Elf:1    | Killed Nikola
 22852 | Elf:1    | Reached skill level 10 in Fighting
 22947 | Elf:1    | Received a gift from Okawaru
 22948 | Elf:1    | Got a translucent arbalest {god gift}
 22949 | Elf:1    | Identified the +10 arbalest of Law {elec, *Corrode rF++
                  | Str+4 SInv} (Okawaru gifted it to you on level 1 of the
                  | Elven Halls)
 23334 | Elf:1    | Reached skill level 5 in Armour
 23567 | Elf:2    | Reached skill level 23 in Stealth
 23574 | Elf:2    | Received a gift from Okawaru
 24794 | Elf:2    | You are confused.
 24874 | Elf:2    | Received a gift from Okawaru
 25099 | Spider:1 | Entered Level 1 of the Spider Nest
 25153 | Spider:1 | Received a gift from Okawaru
 25270 | Spider:1 | Noticed Agnes
 25276 | Spider:1 | Upgraded the game from 0.23-a0-305-g7ffd15e to
                  | 0.23-a0-307-gc3b755d
 25287 | Spider:1 | Killed Agnes
 25573 | Spider:1 | Reached XP level 16. HP: 124/124 MP: 20/23
 25595 | Spider:1 | Found a roughly hewn altar of Beogh.
 25894 | Spider:1 | Received a gift from Okawaru
 26118 | Spider:1 | Reached skill level 24 in Stealth
 27703 | Spider:4 | Entered Level 4 of the Spider Nest
 27715 | Spider:4 | Reached skill level 5 in Earth Magic
 27767 | Spider:4 | Found a frozen archway.
 27771 | Spider:4 | Received a gift from Okawaru
 27777 | IceCv    | Entered an ice cave
 28281 | IceCv    | Noticed an Ice Fiend
 28287 | IceCv    | Noticed an Ice Fiend
 28386 | IceCv    | Learned a level 1 spell: Apportation
 28421 | IceCv    | You are confused.
 28428 | IceCv    | You are confused.
 28663 | Lair:2   | Found a staircase to the Shoals.
 28959 | Spider:4 | Received a gift from Okawaru
 28959 | Spider:4 | Reached XP level 17. HP: 103/131 MP: 22/26
 29417 | Spider:4 | Got a gossamer rune of Zot
 29767 | Shoals:1 | Entered Level 1 of the Shoals
 29868 | Shoals:1 | Reached skill level 5 in Transmutations
 30462 | Shoals:2 | Received a gift from Okawaru
 30724 | Shoals:2 | Received a gift from Okawaru
 30780 | Shoals:2 | Found a gateway to a bazaar.
 30795 | Bazaar   | Entered a bazaar
 30795 | Bazaar   | Found Raxenish's Antique Armour Boutique.
 30795 | Bazaar   | Found Zojumm's Antique Weapon Emporium.
 30795 | Bazaar   | Found Otaam's Antique Armour Emporium.
 30796 | Bazaar   | Found Feikuy's Food Shoppe.
 30796 | Bazaar   | Found Kanun's Assorted Antiques.
 30812 | Bazaar   | Bought a scroll of teleportation for 66 gold pieces
 30815 | Bazaar   | Bought a pair of heavily runed boots for 190 gold pieces
 30826 | Bazaar   | Identified the +2 pair of boots of the Sailor {rF+} (You
                  | bought it in a shop in a bazaar)
 31360 | Shoals:3 | Reached skill level 25 in Stealth
 31718 | Shoals:4 | Entered Level 4 of the Shoals
 31770 | Shoals:4 | Got a pitted rapier
 31771 | Shoals:4 | Identified the +12 rapier of Sharkskin {pierce, rF+ Str+2}
                  | (You found it on level 4 of the Shoals)
 31989 | Shoals:4 | Reached skill level 1 in Translocations
 31989 | Shoals:4 | Reached XP level 18. HP: 141/141 MP: 26/30
 32092 | Shoals:4 | Got a barnacled rune of Zot
 32202 | Shoals:4 | Received a gift from Okawaru
 32274 | Shoals:4 | Noticed Ilsuiw
 32293 | Shoals:4 | Killed Ilsuiw
 32502 | Shoals:4 | Identified the +12 dagger "Uro Fir" {freeze, *Corrode rPois
                  | Str+7} (You took it off a centaur on level 4 of the Shoals)
 32514 | Shoals:4 | Found Tedau's General Store.
 32652 | Shoals:4 | Found Jutrog's Distillery.
 32675 | Shoals:4 | Bought a potion of heal wounds for 90 gold pieces
 32920 | Shoals:2 | Reached skill level 15 in Dodging
 33176 | Vaults:1 | Entered Level 1 of the Vaults
 33449 | Vaults:1 | Reached skill level 1 in Shields
 33521 | Vaults:1 | Found a runed gate.
 33521 | Vaults:1 | Found a runed gate.
 33521 | Vaults:1 | Found a runed gate.
 33664 | Vaults:1 | Received a gift from Okawaru
 34003 | Vaults:1 | Learned a level 4 spell: Passage of Golubria
 34266 | Vaults:1 | Noticed Roced's ghost (adept CeHu)
 34427 | Vaults:2 | Noticed Margery
 34437 | Vaults:2 | Killed Margery
 34437 | Vaults:2 | Received a gift from Okawaru
 34630 | Vaults:2 | Noticed Sojobo
 34748 | Vaults:2 | Reached skill level 26 in Stealth
 34960 | Vaults:2 | You are confused.
 34963 | Vaults:2 | Paralysed by a great orb of eyes for 6 turns
 35092 | Vaults:2 | Gained mutation: You are weak. (Str -2) [mutagenic glow]
 35139 | Vaults:2 | Gained mutation: You have an increased reservoir of magic.
                  | (+10% MP) [mutagenic glow]
 35235 | Vaults:2 | Reached XP level 19. HP: 149/149 MP: 34/34
 35269 | Vaults:2 | Reached skill level 5 in Translocations
 35650 | Vaults:3 | Received a gift from Okawaru
 36376 | Vaults:3 | Found a staircase to the Crypt.
 37071 | Vaults:4 | You feel dopey.
 37073 | Vaults:4 | Gained mutation: Your body sometimes deteriorates upon
                  | taking damage. [a neqoxec]
 37820 | D:11     | Bought a book of Enchantments for 750 gold pieces
 37826 | D:11     | Learned a level 5 spell: Silence
 38181 | Elf:2    | Found a huge runed gate.
 38181 | Elf:2    | Found a huge runed gate.
 38182 | Elf:2    | Found a huge runed gate.
 38183 | Elf:2    | Found a huge runed gate.
 38189 | Elf:2    | Found a huge runed gate.
 38238 | Elf:2    | Reached skill level 27 in Stealth
 38241 | Elf:2    | Received a gift from Okawaru
 38375 | Elf:2    | You feel dopey.
 38380 | Elf:2    | You feel dopey.
 38526 | Elf:2    | Reached XP level 20. HP: 95/159 MP: 35/35
 38710 | Elf:3    | Entered Level 3 of the Elven Halls
 39201 | Elf:3    | Found a portal to a secret trove of treasure.
 39601 | D:12     | Killed Nessos
 39875 | Elf:3    | You paid a toll of a +6 demon whip to enter a treasure
                  | trove
 39876 | Trove    | Entered a treasure trove
 39883 | Trove    | Got a brightly glowing silver ring
 39893 | Trove    | Got a slimy sapphire amulet
 39897 | Trove    | Got a scorched iron amulet
 39900 | Trove    | Identified the amulet "Guru" {Harm *Drain *Slow rElec Str+4
                  | Int+4} (You found it in a treasure trove)
 39901 | Trove    | Identified the amulet of Ivvaits {Spirit rF- MP-9 Str+6
                  | Dex+3} (You found it in a treasure trove)
 39904 | Trove    | Got a wavering marble ring
 39908 | Trove    | Identified the ring "Tyceelip" {rC+ MR+ Int+3 Stlth+} (You
                  | found it in a treasure trove)
 39911 | Trove    | Identified the ring of Vetijogh {Ice Str+5 Int+4 Dex+2}
                  | (You found it in a treasure trove)
 39913 | Trove    | Identified the ring of Qaibbiud {rPois Str+2 Stlth+} (You
                  | found it in a treasure trove)
 40124 | Elf:2    | Learned a level 5 spell: Yara's Violent Unravelling
 40152 | Elf:3    | Got an ichor-stained leather armour
 40152 | Elf:3    | Got a warped emerald amulet
 40174 | Elf:3    | Identified the amulet "Peamal" {Reflect +Inv rElec SH+3}
                  | (You took it off a deep elf mage on level 3 of the Elven
                  | Halls)
 40700 | Elf:3    | Received a gift from Okawaru
 40702 | Elf:3    | Got a twisted rapier {freeze}
 40703 | Elf:3    | Identified the cursed +3 rapier of Araj {freeze, rPois rC+
                  | SInv Stlth-} (You took it off a deep elf death mage on
                  | level 3 of the Elven Halls)
 40807 | Elf:3    | Got a scorched short sword {flame}
 40826 | Elf:3    | Identified the +6 short sword of Pain and Death {flame,
                  | *Contam rF+ Str+4} (You took it off a deep elf annihilator
                  | on level 3 of the Elven Halls)
 40839 | Elf:3    | Gained mutation: Your body often deteriorates upon taking
                  | damage. [mutagenic glow]
 41016 | Elf:3    | Got a brightly glowing dagger {drain}
 41016 | Elf:3    | Got a glittering golden ring
 41037 | Elf:2    | Identified the +10 dagger of Vengeance {drain, rF+ rN+
                  | Int+3} (You took it off a deep elf death mage on level 3 of
                  | the Elven Halls)
 41041 | Elf:2    | Identified the ring "Qugis" {rPois MR+ MP+9 Dex+2} (You
                  | took it off a deep elf death mage on level 3 of the Elven
                  | Halls)
 41413 | Elf:3    | Got a flickering silver ring
 41462 | Elf:3    | Identified the Catalogue of the Hurtful Arsonist
 41541 | Elf:3    | Got a scorched iron ring
 41915 | Elf:3    | Identified Umetzizo's Catalogue of Ashen Flames
 41934 | Elf:3    | Got a twisted dagger
 41935 | Elf:3    | Identified the +1 dagger "Fyluecin" {pierce, *Slow Str+2
                  | Int+4 SInv} (You found it on level 3 of the Elven Halls)
 41953 | Elf:3    | Identified the cursed +0 leather armour of the Republic
                  | {rF+ SInv} (You took it off a deep elf mage on level 3 of
                  | the Elven Halls)
 41966 | Elf:3    | Identified the ring "Modeut" {+Inv MR+ Int+5 Stlth+} (You
                  | took it off a deep elf death mage on level 3 of the Elven
                  | Halls)
 41968 | Elf:3    | Identified the ring of Trepidation {+Fly rC+ Dex+3} (You
                  | took it off a deep elf mage on level 3 of the Elven Halls)
 42307 | Depths:1 | Entered Level 1 of the Depths
 42353 | Depths:1 | Found a gateway to Hell.
 42499 | Depths:1 | You feel dopey.
 42524 | Depths:1 | Found a bloodstained altar of Trog.
 42636 | Depths:1 | Learned a level 6 spell: Statue Form
 42651 | Depths:1 | Found a runed door.
 42806 | Depths:1 | Found a one-way gate to the infinite horrors of the Abyss.
 42934 | Depths:1 | Received a gift from Okawaru
 43161 | Depths:1 | You feel dopey.
 43271 | Depths:1 | Found a one-way gate leading to the halls of Pandemonium.
 43350 | Depths:1 | Reached skill level 10 in Spellcasting
 43793 | Depths:2 | You feel dopey.
 44055 | Depths:2 | Reached XP level 21. HP: 167/167 MP: 38/38
 44153 | Depths:2 | Noticed a caustic shrike
 44153 | Depths:2 | Noticed a golden dragon
 44248 | Depths:2 | Killed a golden dragon
 44251 | Depths:2 | Killed a caustic shrike
 44252 | Depths:2 | Received a gift from Okawaru
 44261 | Depths:2 | Identified the amulet "Kiyn" {Regen+ Dex+7 Stlth-} (You
                  | found it on level 2 of the Depths)
 44270 | Depths:2 | Noticed a juggernaut
 44270 | Depths:2 | Noticed a juggernaut
 44371 | Depths:2 | Killed a juggernaut
 44491 | Depths:2 | Got a scorched quick blade {god gift}
 44492 | Depths:2 | Identified the +7 quick blade "Reluischi" {freeze, rF- rN++
                  | Str+3} (Okawaru gifted it to you on level 2 of the Depths)
 44542 | Depths:3 | Found a gateway to a ziggurat.
 44555 | Depths:3 | You feel dopey.
 44778 | Depths:3 | Noticed a juggernaut
 45606 | Vaults:4 | Received a gift from Okawaru
 45617 | Vaults:4 | Identified the +8 dagger of Okawaru's Benevolence {pierce,
                  | +Inv rC+ rN+} (Okawaru gifted it to you on level 4 of the
                  | Vaults)
 45705 | Vaults:4 | Reached skill level 10 in Transmutations
 46786 | Vaults:4 | Reached skill level 10 in Earth Magic
 47233 | Vaults:5 | Entered Level 5 of the Vaults
 47477 | Vaults:5 | You are confused.
 47661 | Vaults:5 | Received a gift from Okawaru
 47753 | Vaults:5 | Reached XP level 22. HP: 174/174 MP: 39/39
 47845 | Vaults:5 | Got a jewelled hand crossbow
 47874 | Vaults:5 | Learned a level 5 spell: Borgnjor's Vile Clutch
 47981 | Vaults:5 | Reached skill level 1 in Necromancy
 48087 | Vaults:5 | Got a faintly glowing golden amulet
 48149 | Vaults:5 | Received a gift from Okawaru
 48198 | Vaults:5 | Received a gift from Okawaru
 48224 | Vaults:5 | Reached skill level 15 in Fighting
 48251 | Vaults:5 | Noticed a shard shrike
 48255 | Vaults:5 | Noticed a juggernaut
 48255 | Vaults:5 | a shard shrike changed into a juggernaut
 48256 | Vaults:5 | Noticed a golden dragon
 48256 | Vaults:5 | a juggernaut changed into a golden dragon
 48258 | Vaults:5 | a golden dragon changed into a frost giant
 48259 | Vaults:5 | Noticed a golden dragon
 48304 | Vaults:5 | Killed a golden dragon
 48322 | Vaults:5 | Reached skill level 5 in Necromancy
 48482 | Vaults:5 | Identified the amulet "Wuiric" {Gourm rPois Int+4} (You
                  | took it off an orc knight on level 5 of the Vaults)
 48800 | Vaults:5 | Got a bloodstained glaive {chop}
 48999 | Vaults:5 | Found Qimnaem's Antique Armour Boutique.
 49728 | Vaults:5 | Noticed an ancient lich
 49733 | Vaults:5 | Killed an ancient lich
 49775 | Vaults:5 | Received a gift from Okawaru
 49827 | Vaults:5 | Got a silver rune of Zot
 50858 | Depths:2 | Petrovich: стабинг ближу к концу игры просто перестает
                  | работать
 50863 | Depths:2 | Learned a level 2 spell: Passwall
 50926 | Depths:2 | Reached XP level 23. HP: 182/182 MP: 39/40
 51042 | Depths:2 | Learned a level 3 spell: Regeneration
 51050 | Depths:2 | TheNamelessOne: наверное в лейте помочь может только ускаяв
 51054 | Depths:2 | Petrovich: или Ру
 51095 | Depths:3 | TheNamelessOne: или да
 51176 | Depths:2 | You feel dopey.
 51204 | Depths:2 | Killed a juggernaut
 51204 | Depths:2 | Received a gift from Okawaru
 51206 | Depths:2 | TheNamelessOne: и сильно вамп пашет на квикблейде?
 51211 | Depths:2 | Petrovich: на мобах с сильноый броней нужно силу пить
 51226 | Depths:2 | Identified a +0 pair of boots of running (Okawaru gifted it
                  | to you on level 2 of the Depths)
 51447 | Depths:3 | Petrovich: и лишний раз tab жать
 51824 | Depths:3 | Identified the cursed +0 pair of boots of the Ninety-Nine
                  | Mice {rElec rCorr} (You found it on level 3 of the Depths)
 52112 | Depths:3 | Identified the Almanac of Clay and Moulding
 52493 | Depths:4 | You feel dopey.
 52948 | Depths:4 | Reached skill level 15 in Short Blades
 53012 | Depths:4 | Noticed the Enchantress
 53128 | Depths:4 | Killed the Enchantress
 53489 | Depths:4 | You feel dopey.
 53500 | Depths:4 | Received a gift from Okawaru
 53646 | Depths:4 | Got faerie dragon scales
 53647 | Depths:4 | Identified the +2 faerie dragon scales {rElec rN+++ MR-
                  | rCorr SInv} (You found it on level 4 of the Depths)
 53963 | Depths:4 | Identified the amulet "Istrul" {RegenMP rF++ Dex-3} (You
                  | took it off a deep elf high priest on level 4 of the
                  | Depths)
 53979 | Depths:4 | Noticed a juggernaut
 54028 | Depths:4 | Killed a juggernaut
 54028 | Depths:4 | Reached XP level 24. HP: 193/193 MP: 29/42
 54319 | Depths:4 | Reached skill level 10 in Necromancy
 54451 | Depths:4 | Noticed an ancient lich
 54487 | Depths:4 | Lost mutation: You have an increased reservoir of magic.
                  | (+10% MP) [a cacodemon]
 54490 | Depths:4 | Killed an ancient lich
 54670 | Depths:5 | Entered Level 5 of the Depths
 54784 | Depths:5 | Received a gift from Okawaru
 55274 | Depths:5 | Received a gift from Okawaru
 55274 | Depths:5 | Reached skill level 15 in Spellcasting
 55291 | Depths:5 | Got a translucent chain mail {god gift}
 55435 | Depths:5 | You feel dopey.
 55623 | Depths:5 | Found a gate to the Realm of Zot.
 55733 | Depths:5 | Learned a level 5 spell: Dispel Undead
 55738 | Depths:5 | Learned a level 4 spell: Summon Lightning Spire
 55739 | Zot:1    | Entered Level 1 of the Realm of Zot
 55841 | Zot:1    | Reached skill level 1 in Charms
 55843 | Zot:1    | Reached skill level 1 in Summonings
 55843 | Zot:1    | Reached skill level 1 in Air Magic
 55885 | Zot:1    | Reached XP level 25. HP: 200/200 MP: 42/42
 56158 | Zot:1    | Received a gift from Okawaru
 56787 | Zot:1    | Received a gift from Okawaru
 56807 | Zot:1    | Reached skill level 5 in Charms
 56869 | Zot:1    | Identified the ring of Kepik {rF+ Stlth-} (You found it on
                  | level 1 of the Realm of Zot)
 57129 | Zot:2    | Identified the +5 scale mail of Contentment {rCorr Int+2
                  | Dex-5 Slay+2} (You found it on level 2 of the Realm of Zot)
 57233 | Zot:2    | Reached skill level 5 in Air Magic
 57253 | Zot:2    | Reached skill level 5 in Summonings
 57416 | Zot:2    | Got a flickering lapis lazuli ring
 57703 | Zot:2    | Received a gift from Okawaru
 58287 | Zot:3    | Reached XP level 26. HP: 211/211 MP: 42/42
 58292 | Zot:3    | Learned a level 3 spell: Spectral Weapon
 58295 | Zot:3    | Learned a level 2 spell: Song of Slaying
 58359 | Zot:3    | Identified the ring "Qaruv" {+Inv MR+ Str+4} (You found it
                  | on level 2 of the Realm of Zot)
 58558 | Zot:3    | Found a runed door.
 58562 | Zot:3    | Noticed Vanaq's ghost (master VSFi)
 58584 | Zot:3    | Killed Vanaq's ghost
 58732 | Zot:3    | Noticed an orb of fire
 58807 | Zot:3    | Gained mutation: You tend to lose your temper in combat.
                  | [mutagenic glow]
 59005 | Zot:3    | Killed an orb of fire
 59108 | Zot:3    | Identified the +1 chain mail of Beauty {*Drain rPois Regen+
                  | Str+4 Dex+2} (Okawaru gifted it to you on level 5 of the
                  | Depths)
 59347 | Zot:4    | Received a gift from Okawaru
 59350 | Zot:4    | Got a distressingly furry large shield {god gift}
 59352 | Zot:4    | Identified the +3 large shield of Okawaru's Generosity
                  | {Int+3 Dex+2} (Okawaru gifted it to you on level 4 of the
                  | Realm of Zot)
 60617 | Zot:5    | Entered Level 5 of the Realm of Zot
 60637 | Zot:5    | Received a gift from Okawaru
 61007 | Zot:5    | Reached XP level 27. HP: 219/219 MP: 40/42
 61291 | Zot:5    | Noticed an orb of fire
 61291 | Zot:5    | Noticed an orb of fire
 61303 | Zot:5    | Gained mutation: You often lose your temper in combat. [an
                  | orb of fire]
 61371 | Zot:5    | Noticed an ancient lich
 61386 | Zot:5    | Killed an orb of fire
 61386 | Zot:5    | Received a gift from Okawaru
 61404 | Zot:5    | Killed an ancient lich
 61463 | Zot:5    | Noticed an ancient lich
 61471 | Zot:5    | Killed an ancient lich
 61573 | Zot:5    | Noticed an orb of fire
 61577 | Zot:5    | Lost mutation: You are weak. (Str -2) [an orb of fire]
 61608 | Zot:5    | Killed an orb of fire
 61608 | Zot:5    | Received a gift from Okawaru
 61619 | Zot:5    | Gained mutation: You have an uncontrollable temper. [an orb
                  | of fire]
 61643 | Zot:5    | Killed an orb of fire
 61645 | Zot:5    | Noticed an orb of fire
 61668 | Zot:5    | Noticed an ancient lich
 61678 | Zot:5    | Killed an ancient lich
 61678 | Zot:5    | Received a gift from Okawaru
 61734 | Zot:5    | Killed an orb of fire
 61754 | Zot:5    | You feel dopey.
 61826 | Zot:5    | Noticed an orb of fire
 61997 | Zot:5    | Got the Orb of Zot
 62075 | Zot:5    | Killed an orb of fire
 62075 | Zot:5    | Received a gift from Okawaru
 62112 | Zot:4    | Lost mutation: Your body often deteriorates upon taking
                  | damage. [potion of mutation]
 62112 | Zot:4    | Lost mutation: Your body sometimes deteriorates upon taking
                  | damage. [potion of mutation]
 62112 | Zot:4    | Gained mutation: You are partially covered in slimy green
                  | scales. (AC +2) [potion of mutation]
 62112 | Zot:4    | Gained mutation: Your spells are a little easier to cast,
                  | but a little less powerful. [potion of mutation]
 62112 | Zot:4    | Gained mutation: You are mostly covered in slimy green
                  | scales. (AC +3) [potion of mutation]
 62113 | Zot:4    | Lost mutation: You have an uncontrollable temper. [potion
                  | of mutation]
 62113 | Zot:4    | Lost mutation: You often lose your temper in combat.
                  | [potion of mutation]
 62113 | Zot:4    | Lost mutation: You tend to lose your temper in combat.
                  | [potion of mutation]
 62113 | Zot:4    | Gained mutation: Your magical capacity is low. (-10% MP)
                  | [potion of mutation]
 62113 | Zot:4    | Gained mutation: You have a pair of small horns on your
                  | head. [potion of mutation]
 62113 | Zot:4    | Lost mutation: Your spells are a little easier to cast, but
                  | a little less powerful. [potion of mutation]
 62444 | D:8      | Noticed Diecees the pandemonium lord
 62654 | D:$      | Escaped with the Orb!

Vault maps used:
D:1:      grunt_arrival_crossed_arrows
D:3:      kennysheep_goblin_castle, minitemple, uniq_jessica, uniq_terence
D:4:      grunt_temple_overflow_diamond, kennysheep_mini, temple_statues,
          grunt_ministairs_4, grunt_gozag_breadcrumbs
D:5:      first_ration, nrook_loot_triangle, nemelex_xobeh_ov_fountains_minmay
D:6:      uniq_blork_the_orc, uniq_prince_ribbit1
D:7:      uniq_menkaure
D:8:      kennysheep_little_box, grunt_ogre_cave, vehumet_altar_wand_db
D:9:      david_lair_generic, uniq_harold, uniq_erica
D:10:     erik_orc_1, serial_shops, nicolae_shop_waterfront
D:11:     serial_shops, nicolae_shop_stone, uniq_grum, uniq_urug
D:12:     uniq_kirke, uniq_nessos
D:13:     uniq_rupert, uniq_frances, uniq_azrael
D:14:     david_vaults_1, hangedman_decor_peaks_small,
          minmay_misc_feat_four_crosses
D:15:     gammafunk_enter_depths_forms, serial_shops, nicolae_shop_crystal
Temple:   minmay_temple_curvy_loop
Lair:1:   uniq_fannar
Lair:2:   elwin_shoals_entry_rooms
Lair:3:   dummy_spider_entry, minivault_23, grunt_megastairs_5
Lair:4:   nicolae_volcano_entry_hallway, roderic_batcave, st_stairs_7,
          cheibrodos_lair_reptile_den, lemuel_fruit_tree, uniq_sonja
Lair:5:   beast_lair_carwin_large_4, slime_altar_2, minivault_26,
          serial_bayou_shore_a
Shoals:2: serial_shops, bzr_entry_water, st_sunken_temple
Shoals:3: st_shoals_ruin
Shoals:4: shoals_end_grunt_garden, shoal_ilsuiw, serial_shops,
          nicolae_shop_statue_plus, shop
Spider:1: nicolae_spider_mines_2, minivault_29, uniq_agnes
Spider:2: hangedman_spider_tarantella_strand
Spider:4: guppyfry_spider_rune, portal_ice_cave_entry_dragon
Orc:1:    serial_shops, shop, uniq_josephine
Orc:2:    grunt_orc_gardens, grunt_orc_garden, grunt_orc_garden,
          grunt_orc_garden, grunt_orc_garden, serial_shops,
          nicolae_shop_waterfront, hangedman_feature_mirror
Elf:1:    elf_arrival_001, hangedman_elven_crosses_minicolossus,
          serial_sigils_hangedman_stare, roderic_lattice_octagonal_star,
          uniq_nikola
Elf:3:    grunt_elf_hall_spiral, nicolae_trove_entry_columns
Vaults:1: gammafunk_vaults_ghost_necromancy, nicolae_vaults_murderbox,
          nicolae_vaults_diagonal_hallway_7,
          hangedman_vaults_stretched_pinwheel, v_misc_4, v_rooms_2,
          nicolae_vaults_alarming, vaults_dpeg_doors, vaults_room_corners,
          grunt_vaults_hallway_short, hangedman_vaults_capsules,
          vaults_room_door_ring
Vaults:2: vaults_room_pools, nicolae_vaults_mini_display_case,
          ontoclasm_vaults_twist, v_misc_5, nicolae_vaults_three_branches,
          v_misc_18, nicolae_vaults_network_barrier, grunt_vaults_twisty,
          vaults_mumra_bighexcomb, uniq_margery, uniq_sojobo
Vaults:3: nicolae_vaults_diagonal_hallway_8, ontoclasm_vaults_ligature,
          hangedman_vaults_variations, blue_anna_dwarven_crypt,
          ontoclasm_vaults_bender, vaults_room_stairs_pillars,
          hangedman_vaults_stream, st_smaller_cells, vaults_room_pool,
          hangedman_vaults_snaps, v_misc_17, ontoclasm_vaults_spin,
          vaults_room_semicircle
Vaults:4: nicolae_vaults_back_hallway, nicolae_vaults_circle_grid_b, v_rooms_4,
          hangedman_vaults_restitches, hangedman_vaults_unwind,
          grunt_vaults_hallway_long, v_misc_14, vaults_dpeg_encased_lava
Vaults:5: serial_shops
Depths:1: abyss_entry, lemuel_round_altar, hell_entry, grunt_pan_entry_sceptre,
          lightli_giant_bouncers
Depths:2: kennysheep_bubble_arena, kennysheep_doodads, hell_entry,
          minmay_variable_closet, serial_bayou_shore_b,
          infiniplex_staircase_hallway_doors
Depths:3: minmay_the_grid_octo_2x2, enter_ziggurat_d, minmay_room_of_horrors,
          grunt_decor_one_mirror, grunt_hell_entry_dis_old, pan_entry,
          bh_walls_and_bars
Depths:4: hangedman_pleasuredromes, serial_shops, abyss_entry, hell_entry,
          uniq_enchantress
Depths:5: grunt_zot_entry_tricorne, hell_entry, minmay_large_rounded_square,
          pan_entry
Zot:1:    kennysheep_oblong_rooms, grunt_ministairs_4
Zot:2:    bh_zot_lava_cross
Zot:3:    kennysheep_blocky_hall, ebering_ghost_inner_flame
Zot:4:    kennysheep_bubbly, hangedman_hellfire_club
Bazaar:   bazaar_jpeg_oval
Trove:    trove_jewel_2
IceCv:    ice_cave_small_demon
Volcano:  volcano_caves

Skill      XL: |  1  2  3  4  5  6  7  8  9 10 11 12 13 14 15 16 17 18 19 20 21 22 23 24 25 26 27 |
---------------+----------------------------------------------------------------------------------+-----
Stealth        | 5 6 7 8 10 11 13 15 17 19 20 22 23 24 25 26 27 | 27.0
Hexes          | 5 6 7 8 9 10 11 12 13 14 15 16 17 18 | 18.0
Spellcasting   | 3 4 5 6 8 10 11 15 16 | 16.1
Fighting       | 2 4 5 6 7 8 9 10 11 12 13 14 15 16 17 18 19 | 19.5
Dodging        | 4 5 6 8 9 10 11 12 13 14 15 16 17 18 19 20 21 22 | 22.5
Short Blades   | 3 5 7 9 10 11 12 14 15 17 18 19 | 19.8
Invocations    | 2 |  2.0
Armour         | 2 4 5 6 7 |  7.0
Transmutations | 1 3 5 6 11 12 13 | 13.3
Earth Magic    | 1 2 5 6 11 12 13 | 13.0
Translocations | 1 4 5 |  5.0
Shields        | 3 4 |  4.0
Necromancy     | 7 9 10 | 10.0
Charms         | 1 5 |  5.0
Summonings     | 1 5 |  5.0
Air Magic      | 1 5 |  5.0

Action                   |  1- 3 |  4- 6 |  7- 9 | 10-12 | 13-15 | 16-18 | 19-21 | 22-24 | 25-27 || total
-------------------------+-------+-------+-------+-------+-------+-------+-------+-------+-------++-------
Melee: Dagger            |    84 |   125 |   186 |   381 |    45 |       |       |       |       ||   821
       Bite              |     7 |     3 |    15 |    34 |   116 |   142 |   291 |   409 |   254 ||  1271
       Unarmed           |       |     1 |       |     3 |       |       |       |       |       ||     4
       Quick blade       |       |       |       |       |   905 |  1288 |  2051 |  2533 |  1518 ||  8295
       Punch             |       |       |       |       |       |     1 |       |       |       ||     1
       Headbutt          |       |       |       |       |       |       |       |       |     6 ||     6
Throw: Throwing net      |       |       |       |       |       |       |     3 |     6 |     5 ||    14
 Cast: Corona            |    19 |    26 |       |       |       |       |       |       |       ||    45
       Ensorcelled Hiber |     4 |    30 |    77 |   150 |    63 |   102 |    11 |     3 |       ||   440
       Confuse           |       |     2 |    30 |    55 |    83 |    66 |   115 |    62 |    34 ||   447
       Tukima's Dance    |       |     1 |     4 |    11 |    12 |    15 |    16 |    34 |     1 ||    94
       Dazzling Spray    |       |       |       |       |     2 |     3 |       |       |       ||     5
       Invisibility      |       |       |       |       |    11 |    35 |    49 |    10 |    18 ||   123
       Passwall          |       |       |       |       |       |    12 |    17 |     6 |    30 ||    65
       Apportation       |       |       |       |       |       |     8 |    10 |     4 |     9 ||    31
       Silence           |       |       |       |       |       |       |    18 |     4 |       ||    22
       Yara's Violent Un |       |       |       |       |       |       |     5 |     2 |       ||     7
       Passage of Golubr |       |       |       |       |       |       |     1 |       |       ||     1
       Statue Form       |       |       |       |       |       |       |     5 |    64 |    41 ||   110
       Borgnjor's Vile C |       |       |       |       |       |       |       |   135 |    73 ||   208
       Regeneration      |       |       |       |       |       |       |       |    17 |    19 ||    36
       Spectral Weapon   |       |       |       |       |       |       |       |       |     2 ||     2
       Summon Lightning  |       |       |       |       |       |       |       |       |     1 ||     1
Invok: Heroism           |       |       |       |       |       |     8 |       |       |     2 ||    10
 Abil: Bat Form          |     1 |     2 |     1 |     9 |     5 |    14 |     7 |     3 |     1 ||    43
       End Transformatio |     1 |     2 |     1 |     8 |     5 |    14 |     8 |    16 |    16 ||    71
Evoke: Wand              |       |       |       |     2 |     5 |    40 |     6 |     2 |     5 ||    60
       Lightning rod     |       |       |       |       |     1 |     4 |       |       |       ||     5
       Box of beasts     |       |       |       |       |     1 |       |       |       |       ||     1
       Phial of floods   |       |       |       |       |       |       |     1 |     1 |       ||     2
       Staff of energy   |       |       |       |       |       |       |    30 |     5 |       ||    35
       Lamp of fire      |       |       |       |       |       |       |     3 |     2 |       ||     5
  Use: Potion            |     6 |     6 |     7 |    10 |    33 |    13 |    25 |    68 |    48 ||   216
       Scroll            |       |       |     4 |    23 |    13 |     6 |    27 |    10 |    13 ||    96
 Stab: Sleeping          |    10 |    28 |    73 |   120 |   112 |   215 |   128 |    21 |    59 ||   766
       Confused          |       |     1 |    17 |    22 |    46 |    34 |    72 |    42 |    24 ||   258
       Distracted        |       |       |     2 |     3 |     5 |    13 |     6 |    17 |     7 ||    53
       Invisible         |       |       |       |     1 |    64 |   152 |   111 |    50 |    86 ||   464
       Held in net/web   |       |       |       |       |       |     1 |     1 |     5 |     4 ||    11
Armor: Robe              |    17 |    20 |    13 |    36 |     6 |       |    70 |    53 |    19 ||   234
       Ring mail         |       |       |       |       |    76 |   111 |    24 |       |       ||   211
       Skin              |       |       |       |       |       |       |    72 |   455 |   275 ||   802
Dodge: Dodged            |    66 |   137 |    77 |   324 |   288 |   409 |   655 |  1664 |   968 ||  4588
       Deflected         |       |       |       |       |       |    26 |    22 |    39 |    12 ||    99
Block: Other             |       |       |       |    13 |    32 |    22 |       |     1 |       ||    68
       Reflection        |       |       |       |       |     3 |    22 |    29 |    12 |       ||    66
       Buckler           |       |       |       |       |       |   126 |   329 |   689 |   357 ||  1501

Table legend:
 A = Non-vault XP
 B = Vault XP
 C = Vault XP percentage of total XP
 D = Non-vault monster count
 E = Vault monster count
 F = Vault count percentage of total count
                 A         B        C        D         E       F
            +---------+---------+-------+---------+---------+-------
      Total |  823714 |  817343 |  49.8 |    1441 |     835 |  36.7
            +---------+---------+-------+---------+---------+-------
        D:1 |      35 |       0 |   0.0 |      16 |       0 |   0.0
        D:2 |     140 |       0 |   0.0 |      28 |       0 |   0.0
        D:3 |     210 |     131 |  38.4 |      23 |      14 |  37.8
        D:4 |     520 |       5 |   1.0 |      17 |       1 |   5.6
        D:5 |     923 |     360 |  28.1 |      28 |       2 |   6.7
        D:6 |     900 |       0 |   0.0 |      25 |       0 |   0.0
        D:7 |     608 |     175 |  22.3 |      22 |       1 |   4.3
        D:8 |     985 |     118 |  10.7 |      12 |       2 |  14.3
        D:9 |    3877 |    1759 |  31.2 |      30 |       5 |  14.3
       D:10 |    2232 |     705 |  24.0 |      32 |      18 |  36.0
       D:11 |    4214 |     596 |  12.4 |      23 |       2 |   8.0
       D:12 |    6319 |    3475 |  35.5 |      48 |       2 |   4.0
       D:13 |    8406 |       0 |   0.0 |      31 |       0 |   0.0
       D:14 |    7079 |    1432 |  16.8 |      33 |       2 |   5.7
       D:15 |    8494 |    3990 |  32.0 |      31 |       9 |  22.5
     Lair:1 |    2211 |    1033 |  31.8 |      10 |       1 |   9.1
     Lair:2 |    2807 |     786 |  21.9 |      13 |       2 |  13.3
     Lair:3 |    2718 |       0 |   0.0 |      10 |       0 |   0.0
     Lair:4 |    2699 |    2172 |  44.6 |      11 |      13 |  54.2
     Lair:5 |    5417 |    4942 |  47.7 |      25 |      14 |  35.9
   Shoals:1 |   15107 |       0 |   0.0 |      28 |       0 |   0.0
   Shoals:2 |   10503 |    6845 |  39.5 |      25 |       9 |  26.5
   Shoals:3 |    8775 |    5732 |  39.5 |      19 |       8 |  29.6
   Shoals:4 |    2370 |   27712 |  92.1 |       6 |      49 |  89.1
   Spider:1 |   17055 |   13932 |  45.0 |      53 |      56 |  51.4
   Spider:2 |    9719 |     214 |   2.2 |      26 |       1 |   3.7
   Spider:3 |   13899 |       0 |   0.0 |      29 |       0 |   0.0
   Spider:4 |   14703 |   23167 |  61.2 |      40 |      46 |  53.5
      Orc:2 |    2883 |    9331 |  76.4 |      24 |      29 |  54.7
      Elf:1 |   16367 |   15492 |  48.6 |      31 |      19 |  38.0
      Elf:2 |   22420 |   25905 |  53.6 |      38 |      31 |  44.9
      Elf:3 |   23471 |   42723 |  64.5 |      40 |      29 |  42.0
   Vaults:1 |   15041 |   16640 |  52.5 |      35 |      26 |  42.6
   Vaults:2 |   16997 |   26862 |  61.2 |      26 |      30 |  53.6
   Vaults:3 |   36948 |   21235 |  36.5 |      59 |      29 |  33.0
   Vaults:4 |   37256 |   18231 |  32.9 |      56 |      23 |  29.1
   Vaults:5 |   17725 |  130517 |  88.0 |      45 |      89 |  66.4
   Depths:1 |   15379 |    4354 |  22.1 |      27 |      14 |  34.1
   Depths:2 |   42503 |   34996 |  45.2 |      55 |      21 |  27.6
   Depths:3 |   33323 |   27120 |  44.9 |      47 |      20 |  29.9
   Depths:4 |   13629 |  117752 |  89.6 |      16 |     101 |  86.3
   Depths:5 |   66968 |   19281 |  22.4 |      66 |      15 |  18.5
      Zot:1 |   75393 |   22619 |  23.1 |      47 |      14 |  23.0
      Zot:2 |   88335 |       0 |   0.0 |      54 |       0 |   0.0
      Zot:3 |   54558 |   12567 |  18.7 |      26 |       6 |  18.8
      Zot:4 |   61613 |   28472 |  31.6 |      39 |      19 |  32.8
      Zot:5 |   29976 |  137987 |  82.2 |      15 |      33 |  68.8
    Abyss:3 |       4 |       0 |   0.0 |       1 |       0 |   0.0
      IceCv |       0 |    5485 | 100.0 |       0 |      29 | 100.0
    Volcano |       0 |     493 | 100.0 |       0 |       1 | 100.0
            +---------+---------+-------+---------+---------+-------
